 Dungeon Crawl Stone Soup version 0.26-a0-661-g406de6ba63 (webtiles) character file.

Game seed: 8834634060105911131

63 tacoguy the Insei (level 4, 0/36 HPs)
             Began as a Merfolk Transmuter on Oct 8, 2020.
             Slain by a frilled lizard (1 damage)
             ... on level 2 of the Dungeon.
             The game lasted 00:07:02 (2046 turns).

tacoguy the Insei (Merfolk Transmuter)              Turns: 2046, Time: 00:07:03

Health: 0/36       AC:  2    Str: 11    XL:     4   Next: 10%
Magic:  3/7        EV: 13    Int: 12    God:
Gold:   76         SH:  0    Dex: 14    Spells: 0/7 levels left

rFire    . . .     SeeInvis .     - Unarmed
rCold    . . .     Faith    .   (no shield)
rNeg     . . .     Spirit   .   a - +0 robe
rPois    .         Reflect  .   (no helmet)
rElec    .         Harm     .   (no cloak)
rCorr    .         Rampage  .   (no gloves)
MR       .....                  (no boots)
Stlth    +.........             (no amulet)
HPRegen  0.12/turn              (no ring)
MPRegen  0.10/turn              (no ring)

@: lethally poisoned (0 -> -4), wereblooded
A: change form in water, swift swim, stealthy swim, robust 1, MP-powered wands
a: no special abilities


You were on level 2 of the Dungeon.
You visited 1 branch of the dungeon, and saw 2 of its levels.

You collected 76 gold pieces.

Inventory:

Armour
 a - a +0 robe (worn)
Scrolls
 b - a scroll of blinking {unknown}
 c - a scroll of fog {unknown}
 e - 2 scrolls of identify {unknown}
 h - a scroll of teleportation {unknown}
Potions
 f - a potion of invisibility {unknown}
 g - a potion of flight {unknown}


   Skills:
 + Level 2.0 Fighting
 + Level 3.5 Dodging
 + Level 3.7 Unarmed Combat
 + Level 2.4 Spellcasting
 + Level 3.4 Transmutations


You couldn't memorise any spells.
You knew the following spells:

 Your Spells              Type           Power        Failure   Level
a - Beastly Appendage     Tmut           #.....       6%          1
b - Wereblood             Tmut           #.......     10%         2
c - Ice Form              Ice/Tmut       #.......     77%         4

Your spell library contained the following spells:

 Spells                   Type           Power        Failure   Level
 Spider Form              Tmut/Pois      #.........   36%         3
 Blade Hands              Tmut           #.........   87%         5


Dungeon Overview and Level Annotations

Branches:
Dungeon (2/15)

Altars:
Cheibriados


Innate Abilities, Weirdness & Mutations

You revert to your normal form in water.
You are very nimble and swift while swimming.
You are very stealthy in the water. (Stealth+)
You are robust. (+10% HP)
You expend magic power (3 MP) to strengthen your wands.


Message History

You are lethally poisoned!
The adder poisons you! The frilled lizard closely misses you.
The worm closely misses you.
The frilled lizard bites you but does no damage.
You hit the leopard gecko.
You kill the leopard gecko!
The adder barely misses you. The frilled lizard barely misses you.
The adder bites you.
* * * LOW HITPOINT WARNING * * *
You howl as the wereblood boils in your veins!
Your horns disappear.
* * * LOW HITPOINT WARNING * * *
You feel sick. The frilled lizard bites you.
* * * LOW HITPOINT WARNING * * *
The adder closely misses you.
Things that are here:
a leopard gecko corpse; a goblin corpse Unknown command.
The frilled lizard bites you.
You die...

#..≈≈†≈≈_#
#..≈≈≈≈≈##
#
#.#.≈≈≈##
≈≈
#..#####
≈≈≈###..#
........#
.......w#
≈≈....ll#
..≈.w.S@#
..≈...B.#
≈≈......#
⌠.......#
..≈≈...##
≈≈..≈..
....≈..
..≈≈...


You could see 2 worms, an adder, a giant cockroach and 2 frilled lizards.

Vanquished Creatures
  2 adders (D:2)
  3 dart slugs
  A leopard gecko (D:2)
  An orc (D:2)
  3 giant cockroaches (D:1)
  10 goblins
  6 hobgoblins
  3 bats (D:1)
  3 frilled lizards (D:1)
  2 kobolds (D:1)
  3 rats
37 creatures vanquished.

Notes
Turn   | Place    | Note
-------+----------+-------------------------------------------
     0 | D:1      | tacoguy the Merfolk Transmuter began the quest for the Orb.
     0 | D:1      | Reached XP level 1. HP: 15/15 MP: 3/3
   169 | D:1      | Reached XP level 2. HP: 17/21 MP: 3/5
   804 | D:1      | Reached XP level 3. HP: 26/26 MP: 4/6
  1534 | D:2      | Found a faded altar of an unknown god.
  1613 | D:2      | Learned a level 2 spell: Wereblood
  1993 | D:2      | Found a snail-covered altar of Cheibriados.
  2002 | D:2      | Reached XP level 4. HP: 33/33 MP: 5/7
  2021 | D:2      | Learned a level 4 spell: Ice Form
  2039 | D:2      | Gained mutation: You expend magic power (3 MP) to
                  | strengthen your wands. [potion of mutation]
  2039 | D:2      | Gained mutation: You are robust. (+10% HP) [potion of
                  | mutation]
  2045 | D:2      | HP: 1/36 [frilled lizard (1)]
  2046 | D:2      | Slain by a frilled lizard

Illustrated notes

Levels and vault maps discovered:
D:1:      ncdulo_lavacross, layout_loops_ring
D:2:      cheibrodos_helix_gallery, layout_basic, kennysheep_slug_shrine,
          chequers_ecumenical_altar_simple

Skill      XL: |  1  2  3  4 |
---------------+-------------+-----
Transmutations | 3 |  3.4
Dodging        | 3 |  3.5
Fighting       | 2 |  2.0
Unarmed Combat | |  3.7
Spellcasting   | |  2.4

Action                   |  1- 3 |  4- 6 || total
-------------------------+-------+-------++-------
Melee: Unarmed           |   100 |    13 ||   113
       Headbutt          |    15 |     2 ||    17
 Cast: Beastly Appendage |    23 |     1 ||    24
       Wereblood         |       |     2 ||     2
  Use: Potion            |       |     1 ||     1
Armor: Robe              |     8 |     5 ||    13
Dodge: Dodged            |    54 |    27 ||    81

Table legend: (Time is in decaauts)
 A = Elapsed time spent in this place.
 B = Non-inter-level travel time spent in this place.
 C = Inter-level travel time spent in this place.
 D = Time resting spent in this place.
 E = Time spent auto-exploring this place.
 F = Levels seen in this place.
 G = Mean time per level.
                   A        B        C        D        E       F      G
               +--------+--------+--------+--------+--------+-----+--------+
         Total |   2035 |   1970 |     65 |   1026 |    647 |   2 | 1017.5 |
       Dungeon |   2035 |   1970 |     65 |   1026 |    647 |   2 | 1017.5 |
               +--------+--------+--------+--------+--------+-----+--------+

Top non-repeatable levels by time:
     D:1: 1112 daAuts
     D:2: 923 daAuts
